3AA
VIRGINIA BEACH DEUCES @ ATLANTIC CITY SONICS
09/02/2024
 
TOP OF THE 1ST
Virginia Beach Deuces batting - Pitching for Atlantic City Sonics : RHP Riley Breckenridge
Pitching: RHP Riley Breckenridge
Batting: SHB Esteban Márquez 0-0: Ball
1-0: Ball
2-0: Foul Ball, location: 2F
2-1: Called Strike
2-2: Fly out, F3 (Popup, 34S)
Batting: RHB Robert Emmet Odlum 0-0: Foul Ball, location: 2F
0-1: Fly out, F7 (Line Drive, 7M)
Batting: RHB Lorenzo Ramírez 0-0: SINGLE (Flyball, 78M)
Batting: RHB Luis Jelarde 0-0: Ball
1-0: Swinging Strike
1-1: Fly out, F8 (Flyball, 8RM)
Top of the 1st over - 0 run(s), 1 hit(s), 0 error(s), 1 left on base; Virginia Beach 0 - Atlantic City 0
BOTTOM OF THE 1ST
Atlantic City Sonics batting - Pitching for Virginia Beach Deuces : RHP Lucas Begay
Pitching: RHP Lucas Begay
Batting: RHB Arturo Maldonado 0-0: Ball
1-0: Ball
2-0: Ball
3-0: Called Strike
3-1: Base on Balls
Batting: LHB José Cordero 0-0: Ball
1-0: Foul Ball, location: 2F
1-1: SINGLE (Line Drive, 4D)
Arturo Maldonado to second
Batting: RHB John Schnatter 0-0: Ball
1-0: Ball
2-0: Ball
3-0: Called Strike
3-1: Base on Balls
Arturo Maldonado to third
José Cordero to second
Batting: RHB Arturo Rochel 0-0: Called Strike
0-1: Foul Ball, location: 2F
0-2: Strikes out swinging
Batting: RHB Xavier Águila 0-0: Grounds into double play, 6-4-3 (Groundball, 6)
Bottom of the 1st over - 0 run(s), 1 hit(s), 0 error(s), 2 left on base; Virginia Beach 0 - Atlantic City 0
TOP OF THE 2ND
Virginia Beach Deuces batting - Pitching for Atlantic City Sonics : RHP Riley Breckenridge
Batting: SHB Luis Manuel Flores 0-0: Ball
1-0: Foul Ball, location: 2F
1-1: Swinging Strike
1-2: Ball
2-2: Ball
3-2: Foul Ball, location: 2F
3-2: SINGLE (Line Drive, 7S)
Batting: LHB Curt Wilson 0-0: Called Strike
0-1: Swinging Strike
0-2: Strikes out looking
Batting: RHB Daniel Ruíz 0-0: Ball
1-0: Ball
2-0: Ball
3-0: Base on Balls
Luis Manuel Flores to second
Batting: RHB Zander Bailey 0-0: SINGLE (Line Drive, 8LS)
Luis Manuel Flores to third
Daniel Ruíz to second
Runner from 3rd tries for Home, SAFE, no throw or cutoff
Batting: LHB Errol Levick 0-0: Ball
1-0: Foul Ball, location: 2F
1-1: Ball
Daniel Ruíz steals 3rd base
Zander Bailey to second
2-1: Foul Ball, location: 2F
2-2: Ball
3-2: SINGLE (Groundball, 4MD)
Daniel Ruíz scores
Zander Bailey to third
Runner from 3rd tries for Home, throw and OUT!
Batting: SHB Esteban Márquez 0-0: Ground out 4-3 (Groundball, 4)
Top of the 2nd over - 2 run(s), 3 hit(s), 0 error(s), 1 left on base; Virginia Beach 2 - Atlantic City 0
BOTTOM OF THE 2ND
Atlantic City Sonics batting - Pitching for Virginia Beach Deuces : RHP Lucas Begay
Batting: LHB Salvador Avilés 0-0: Ball
1-0: Called Strike
1-1: Ball
2-1: Ball
3-1: Swinging Strike
3-2: Foul Ball, location: 2F
3-2: Base on Balls
Batting: RHB Brady Bess 0-0: Called Strike
0-1: Called Strike
0-2: Ball
1-2: Ball
2-2: Ball
3-2: Base on Balls
Salvador Avilés to second
Batting: SHB David Snyder 0-0: Foul Ball, location: 2F
0-1: SINGLE (Groundball, 4MD)
Salvador Avilés to third
Brady Bess to second
Batting: LHB Kip Burks 0-0: Swinging Strike
0-1: Ball
1-1: Ball
2-1: Called Strike
2-2: Foul Ball, location: 2F
2-2: Grounds into double play, 6-4-3 (Groundball, 6)
Salvador Avilés scores
Brady Bess to third
Batting: RHB Arturo Maldonado 0-0: Called Strike
0-1: Ball
Passed Ball!
Brady Bess scores
1-1: SINGLE (Line Drive, 9S)
Batting: LHB José Cordero 0-0: Ball
1-0: Called Strike
1-1: Called Strike
1-2: Strikes out looking
Bottom of the 2nd over - 2 run(s), 2 hit(s), 0 error(s), 1 left on base; Virginia Beach 2 - Atlantic City 2
TOP OF THE 3RD
Virginia Beach Deuces batting - Pitching for Atlantic City Sonics : RHP Riley Breckenridge
Batting: RHB Robert Emmet Odlum 0-0: Called Strike
0-1: Foul Ball, location: 2F
0-2: Ball
1-2: Strikes out looking
Batting: RHB Lorenzo Ramírez 0-0: Ball
1-0: Foul Ball, location: 2F
1-1: Ball
2-1: Called Strike
2-2: Ball
3-2: Base on Balls
Batting: RHB Luis Jelarde 0-0: Ball
1-0: Foul Ball, location: 2F
1-1: Fly out, F4 (Popup, 4M)
Batting: SHB Luis Manuel Flores 0-0: Called Strike
0-1: SINGLE (Line Drive, 6D)
Lorenzo Ramírez to second
Batting: LHB Curt Wilson 0-0: Ball
1-0: Swinging Strike
1-1: Called Strike
1-2: Ball
2-2: Ball
3-2: Base on Balls
Lorenzo Ramírez to third
Luis Manuel Flores to second
Batting: RHB Daniel Ruíz 0-0: Ball
1-0: Ball
2-0: Ball
3-0: Called Strike
3-1: SINGLE (Flyball, 8RS)
Lorenzo Ramírez scores
Luis Manuel Flores to third
Curt Wilson to second
Runner from 3rd tries for Home, SAFE, no throw or cutoff
Batting: RHB Zander Bailey 0-0: Swinging Strike
0-1: Called Strike
0-2: Strikes out looking
Top of the 3rd over - 2 run(s), 2 hit(s), 0 error(s), 2 left on base; Virginia Beach 4 - Atlantic City 2
BOTTOM OF THE 3RD
Atlantic City Sonics batting - Pitching for Virginia Beach Deuces : RHP Lucas Begay
Batting: RHB John Schnatter 0-0: Ball
1-0: Foul Ball, location: 2F
1-1: Ball
2-1: Called Strike
2-2: Strikes out looking
Batting: RHB Arturo Rochel 0-0: Ball
1-0: Ground out 6-3 (Groundball, 5)
Batting: RHB Xavier Águila 0-0: Ball
1-0: Foul Ball, location: 2F
1-1: Called Strike
1-2: Reached on error, E6 (Groundball, 6)
Batting: LHB Salvador Avilés 0-0: Ball
1-0: Called Strike
1-1: Ball
2-1: Ball
3-1: Called Strike
3-2: Ground out 6-3 (Groundball, 6M)
Bottom of the 3rd over - 0 run(s), 0 hit(s), 1 error(s), 1 left on base; Virginia Beach 4 - Atlantic City 2
TOP OF THE 4TH
Virginia Beach Deuces batting - Pitching for Atlantic City Sonics : RHP Riley Breckenridge
Batting: LHB Errol Levick 0-0: Called Strike
0-1: Ball
1-1: Called Strike
1-2: Ball
2-2: Ground out 4-3 (Groundball, 4)
Batting: SHB Esteban Márquez 0-0: Foul Ball, location: 2F
0-1: Ball
1-1: Ball
2-1: Foul Ball, location: 2F
2-2: Strikes out swinging
Batting: RHB Robert Emmet Odlum 0-0: Foul Ball, location: 2F
0-1: Ground out 1-3 (Groundball, 13S)
Top of the 4th over - 0 run(s), 0 hit(s), 0 error(s), 0 left on base; Virginia Beach 4 - Atlantic City 2
BOTTOM OF THE 4TH
Atlantic City Sonics batting - Pitching for Virginia Beach Deuces : RHP Lucas Begay
Batting: RHB Brady Bess 0-0: SINGLE (Line Drive, 4MD)
Batting: SHB David Snyder 0-0: Ball
1-0: Called Strike
1-1: Ground out 5-3 (Groundball, 5S)
Brady Bess to second
Batting: LHB Kip Burks 0-0: Called Strike
0-1: Called Strike
0-2: Strikes out swinging
Batting: RHB Arturo Maldonado 0-0: Foul Ball, location: 2F
0-1: SINGLE (Groundball, 3L)
Brady Bess to third
Runner from 3rd tries for Home, SAFE, no throw or cutoff
Batting: LHB José Cordero 0-0: Ball
Arturo Maldonado is caught stealing 2nd base
Bottom of the 4th over - 1 run(s), 2 hit(s), 0 error(s), 0 left on base; Virginia Beach 4 - Atlantic City 3
TOP OF THE 5TH
Virginia Beach Deuces batting - Pitching for Atlantic City Sonics : RHP Riley Breckenridge
Batting: RHB Lorenzo Ramírez 0-0: Foul Ball, location: 2F
0-1: Ball
1-1: Ball
2-1: Ball
3-1: Called Strike
3-2: Fly out, F8 (Flyball, 8LM)
Batting: RHB Luis Jelarde 0-0: Called Strike
0-1: Swinging Strike
0-2: Foul Ball, location: 2F
0-2: Ground out 6-3 (Groundball, 6M)
Batting: SHB Luis Manuel Flores 0-0: Called Strike
0-1: Foul Ball, location: 2F
0-2: Strikes out swinging
Top of the 5th over - 0 run(s), 0 hit(s), 0 error(s), 0 left on base; Virginia Beach 4 - Atlantic City 3
BOTTOM OF THE 5TH
Atlantic City Sonics batting - Pitching for Virginia Beach Deuces : RHP Lucas Begay
Batting: LHB José Cordero 0-0: Called Strike
0-1: Ball
1-1: Ground out 4-3 (Groundball, 4)
Batting: RHB John Schnatter 0-0: Ball
1-0: SINGLE (Groundball, 6MD)
Batting: RHB Arturo Rochel 0-0: Called Strike
0-1: Grounds into double play, 6-4-3 (Groundball, 6D)
Bottom of the 5th over - 0 run(s), 1 hit(s), 0 error(s), 0 left on base; Virginia Beach 4 - Atlantic City 3
TOP OF THE 6TH
Virginia Beach Deuces batting - Pitching for Atlantic City Sonics : RHP Riley Breckenridge
Batting: LHB Curt Wilson 0-0: Ball
1-0: Ground out 2-3 (Groundball, 23)
Batting: RHB Daniel Ruíz 0-0: Ball
1-0: DOUBLE (Line Drive, 7LS)
Batting: RHB Zander Bailey 0-0: Called Strike
0-1: Ball
1-1: Called Strike
1-2: SINGLE (Line Drive, 4D)
Daniel Ruíz to third
Runner from 3rd tries for Home, SAFE, no throw or cutoff
Pitching: LHP David Sherratt
Batting: LHB Errol Levick 0-0: Called Strike
0-1: Foul Ball, location: 2F
0-2: Ball
1-2: Grounds into double play, 4-6-3 (Groundball, 4)
Top of the 6th over - 1 run(s), 2 hit(s), 0 error(s), 0 left on base; Virginia Beach 5 - Atlantic City 3
BOTTOM OF THE 6TH
Atlantic City Sonics batting - Pitching for Virginia Beach Deuces : RHP Lucas Begay
Batting: RHB Xavier Águila 0-0: Fly out, F9 (Line Drive, 89D)
Batting: LHB Salvador Avilés 0-0: Ball
1-0: Ball
2-0: Foul Ball, location: 2F
2-1: Ground out 4-3 (Groundball, 4)
Batting: RHB Brady Bess 0-0: Called Strike
0-1: Ball
1-1: Ball
2-1: SINGLE (Line Drive, 4MD)
Batting: SHB David Snyder 0-0: Foul Ball, location: 2F
0-1: Ground out 4-3 (Groundball, 4)
Bottom of the 6th over - 0 run(s), 1 hit(s), 0 error(s), 1 left on base; Virginia Beach 5 - Atlantic City 3
TOP OF THE 7TH
Virginia Beach Deuces batting - Pitching for Atlantic City Sonics : LHP David Sherratt
Batting: SHB Esteban Márquez 0-0: Swinging Strike
0-1: Foul Ball, location: 2F
0-2: Ball
1-2: Fly out, F8 (Flyball, 8LS)
Batting: RHB Robert Emmet Odlum 0-0: Ball
1-0: DOUBLE (Groundball, 5L)
Batting: RHB Lorenzo Ramírez 0-0: Ball
1-0: Swinging Strike
1-1: Ball
2-1: Called Strike
2-2: Foul Ball, location: 2F
2-2: 2-RUN HOME RUN (Line Drive, 7D), Distance : 381 ft
Batting: RHB Luis Jelarde 0-0: Ball
1-0: Foul Ball, location: 2F
1-1: Ball
2-1: Called Strike
2-2: Ball
3-2: Fly out, F9 (Flyball, 89D)
Batting: SHB Luis Manuel Flores 0-0: Ball
1-0: Ground out 1-3 (Groundball, 15)
Top of the 7th over - 2 run(s), 2 hit(s), 0 error(s), 0 left on base; Virginia Beach 7 - Atlantic City 3
BOTTOM OF THE 7TH
Atlantic City Sonics batting - Pitching for Virginia Beach Deuces : RHP Lucas Begay
Batting: LHB Kip Burks 0-0: Called Strike
0-1: Ball
1-1: Foul Ball, location: 2F
1-2: Foul Ball, location: 2F
1-2: Foul Ball, location: 2F
1-2: SINGLE (Line Drive, 4)
Batting: RHB Arturo Maldonado 0-0: Called Strike
0-1: SINGLE (Flyball, 89S)
Kip Burks to second
Runner from 2nd tries for 3rd, SAFE, throw made to third
Batting: LHB José Cordero 0-0: Called Strike
0-1: Ball
1-1: Ball
2-1: Ball
3-1: Swinging Strike
3-2: Base on Balls
Arturo Maldonado to second
Batting: RHB John Schnatter 0-0: Fly out, F8 (Flyball, 8LS)
Batting: RHB Arturo Rochel 0-0: Foul Ball, location: 2F
0-1: Foul Ball, location: 2F
0-2: Foul Ball, location: 2F
0-2: Strikes out swinging
Batting: RHB Xavier Águila 0-0: Ball
1-0: Ball
2-0: Foul Ball, location: 2F
2-1: Foul Ball, location: 2F
2-2: Strikes out swinging
Bottom of the 7th over - 0 run(s), 2 hit(s), 0 error(s), 3 left on base; Virginia Beach 7 - Atlantic City 3
TOP OF THE 8TH
Virginia Beach Deuces batting - Pitching for Atlantic City Sonics : LHP David Sherratt
Batting: LHB Curt Wilson 0-0: Called Strike
0-1: Swinging Strike
0-2: Strikes out swinging
Pitching: RHP Pepe Cabrera
Batting: RHB Daniel Ruíz 0-0: Called Strike
0-1: Ball
1-1: Swinging Strike
1-2: Strikes out swinging
Batting: RHB Zander Bailey 0-0: Ball
1-0: Swinging Strike
1-1: Foul Ball, location: 2F
1-2: Strikes out swinging
Top of the 8th over - 0 run(s), 0 hit(s), 0 error(s), 0 left on base; Virginia Beach 7 - Atlantic City 3
BOTTOM OF THE 8TH
Atlantic City Sonics batting - Pitching for Virginia Beach Deuces : RHP Lucas Begay
Batting: LHB Salvador Avilés 0-0: Ball
1-0: Ball
2-0: SINGLE (Groundball, 34)
Pitching: LHP Jim Unknown
Batting: RHB Brady Bess 0-0: Called Strike
0-1: Ball
1-1: Fly out, F7 (Flyball, 78M)
Batting: SHB David Snyder 0-0: Swinging Strike
0-1: Ball
1-1: Called Strike
1-2: Foul Ball, location: 2F
1-2: Ground out 5-3 (Groundball, 15S)
Salvador Avilés to second
Batting: LHB Kip Burks 0-0: Ball
1-0: Foul Ball, location: 2F
1-1: Foul Ball, location: 2F
1-2: Foul Ball, location: 2F
1-2: Fly out, F3 (Popup, 3S)
Bottom of the 8th over - 0 run(s), 1 hit(s), 0 error(s), 1 left on base; Virginia Beach 7 - Atlantic City 3
TOP OF THE 9TH
Virginia Beach Deuces batting - Pitching for Atlantic City Sonics : RHP Pepe Cabrera
Batting: LHB Errol Levick 0-0: Called Strike
0-1: Fly out, F9 (Line Drive, 89M)
Batting: SHB Esteban Márquez 0-0: Ball
1-0: Foul Ball, location: 2F
1-1: Called Strike
1-2: Ball
2-2: Ground out 3-1 (Groundball, 34)
Batting: RHB Robert Emmet Odlum 0-0: Ball
1-0: Fly out, F8 (Flyball, 8LXD)
Top of the 9th over - 0 run(s), 0 hit(s), 0 error(s), 0 left on base; Virginia Beach 7 - Atlantic City 3
BOTTOM OF THE 9TH
Atlantic City Sonics batting - Pitching for Virginia Beach Deuces : LHP Jim Unknown
Pitching: LHP Jim Unknown
Batting: RHB Arturo Maldonado 0-0: Ball
1-0: SINGLE (Groundball, 56D)
Batting: LHB José Cordero 0-0: Called Strike
0-1: Swinging Strike
0-2: Strikes out swinging
Batting: RHB John Schnatter 0-0: DOUBLE (Line Drive, 78D)
Arturo Maldonado to third
Batting: RHB Arturo Rochel 0-0: Ball
1-0: Ball
2-0: Ball
3-0: Called Strike
3-1: Base on Balls
Pinch Hitting: RHB Pedro Rivera 0-0: Called Strike
0-1: Foul Ball, location: 2F
0-2: Ball
1-2: Foul Ball, location: 2F
1-2: Grounds into double play, 5-4-3 (Groundball, 5)
Bottom of the 9th over - 0 run(s), 2 hit(s), 0 error(s), 2 left on base; Virginia Beach 7 - Atlantic City 3
This league is powered by Out of the Park Baseball, the baseball management simulation game for PC, Mac and Linux
Monday, October 3rd, 2016 - OOTP Baseball 16.9 Build 39